 Dungeon Crawl Stone Soup version 0.26-a0-812-g31a745ddcd (webtiles) character file.

Game seed: 15358279024045605963

14149 graki42 the Thaumaturge (level 11, 0/54 HPs)
             Began as a Deep Elf Conjurer on Nov 23, 2020.
             Was an Elder of Kikubaaqudgha.
             Hit by a silver javelin thrown by a minotaur (34 damage)
             ... in a Gauntlet.
             The game lasted 00:46:39 (11920 turns).

graki42 the Thaumaturge (Deep Elf Conjurer)        Turns: 11920, Time: 00:46:39

Health: 0/54       AC:  9    Str:  7    XL:     11   Next: 84%
Magic:  19/29      EV: 26    Int: 24    God:    Kikubaaqudgha [****..]
Gold:   590        SH:  8    Dex: 13    Spells: 17/35 levels left

rFire    + + .     SeeInvis .   y - staff of air
rCold    + . .     Faith    .   v - +0 kite shield
rNeg     . . .     Spirit   .   E - +2 robe {rC+ rF+}
rPois    +         Reflect  .   (no helmet)
rElec    +         Harm     .   g - +1 cloak {rPois}
rCorr    .         Rampage  .   (no gloves)
MR       +....     NoTele   +   H - +2 pair of boots
Stlth    +++.......             h - amulet of the acrobat
HPRegen  0.18/turn              p - ring of stealth
MPRegen  0.21/turn              x - ring of protection from fire

@: acrobat, very slightly contaminated
A: no striking features
a: Receive Corpses, Renounce Religion


You were in a Gauntlet.
You worshipped Kikubaaqudgha.
Kikubaaqudgha was greatly pleased with you.
You visited 2 branches of the dungeon, and saw 12 of its levels.
You also visited: Sewer and Gauntlet.

You collected 590 gold pieces.

Inventory:

Armour
 a - a +0 robe
 b - a +0 tower shield
 g - a +1 cloak of poison resistance (worn)
 v - a +0 kite shield (worn)
 C - a scarf of harm
 E - a +2 robe of resistance (worn)
 F - a +2 robe of magic resistance
 H - a +2 pair of boots (worn)
Magical Staves
 q - an uncursed staff of death
 r - an uncursed staff of fire
 y - an uncursed staff of air (weapon)
Jewellery
 h - an amulet of the acrobat (around neck)
 o - an uncursed ring of protection from fire
 p - a ring of stealth (left hand)
 x - a ring of protection from fire (right hand)
 I - the ring of Piallog {Fire *Contam rN+ Int+4 Dex+2, unknown}
   (You found it in a Gauntlet)

   [ring of fire]

   It enhances your fire magic.
   It affects your intelligence (+4).
   It affects your dexterity (+2).
   It protects you from fire.
   It makes you vulnerable to cold.
   It protects you from negative energy.
   It causes magical contamination when unequipped.
 J - an uncursed amulet of faith
Wands
 t - a wand of random effects (14)
 D - a wand of acid (5)
 K - a wand of paralysis (2)
 L - a wand of enslavement (2)
Scrolls
 d - 2 scrolls of fog
 e - 6 scrolls of remove curse
 i - 5 scrolls of fear
 k - 5 scrolls of teleportation
 l - 4 scrolls of enchant weapon
 n - 2 scrolls of magic mapping
 u - 2 scrolls of blinking
 w - a scroll of noise
 G - a scroll of vulnerability {unknown}
 M - 2 scrolls of identify
Potions
 c - 3 potions of invisibility
 f - 10 potions of curing
 j - 3 potions of magic
 m - 2 potions of haste
 s - a potion of brilliance
 z - 3 potions of lignification
 A - a potion of mutation
 B - 3 potions of flight
 N - a potion of cancellation {unknown}


   Skills:
 - Level 3.0 Dodging
 - Level 3.0 Stealth
 - Level 4.0 Shields
 + Level 12.5 Spellcasting
 + Level 11.4 Conjurations
 - Level 9.0 Hexes
 + Level 7.0 Necromancy
 - Level 8.0 Translocations
 + Level 5.0 Earth Magic


You had 17 spell levels left.
You knew the following spells:

 Your Spells              Type           Power        Failure   Level
a - Magic Dart            Conj           ####         1%          1
b - Searing Ray           Conj           ######       1%          2
c - Fulminant Prism       Conj/Hex       ######....   2%          4
d - Iskenderun's Mystic   Conj/Tloc      ######..     3%          4
e - Sublimation of Blood  Necr           #####.....   1%          2
f - Borgnjor's Vile Clut  Necr/Erth      #####.....   36%         5

Your spell library contained the following spells:

 Spells                   Type           Power        Failure   Level
 Pain                     Necr           ####         1%          1
 Dazzling Flash           Conj/Hex       ######       1%          3
 Vampiric Draining        Necr           #####.....   2%          3
 Ensorcelled Hibernation  Hex/Ice        #####.       4%          2
 Corpse Rot               Necr/Air       N/A          6%          2
 Animate Dead             Necr           #####.....   9%          4
 Dispel Undead            Necr           #####...     9%          4
 Beastly Appendage        Tmut           ###...       17%         1
 Wereblood                Tmut           ###.....     26%         2
 Agony                    Necr           #####...     26%         5
 Excruciating Wounds      Necr           #####.....   26%         5
 Fireball                 Conj/Fire      #####.....   41%         5
 Frozen Ramparts          Ice            ###...       45%         3
 Ignite Poison            Fire/Tmut/Pois ###.....     45%         3
 Spider Form              Tmut/Pois      ###.......   45%         3
 Ice Form                 Ice/Tmut       ###.....     86%         4
 Starburst                Conj/Fire      #####.....   94%         6
 Blade Hands              Tmut           ###.......   99%         5
 Freezing Cloud           Conj/Ice/Air   #####.....   99%         6
 Simulacrum               Ice/Necr       ####......   99%         6
 Ignition                 Fire           ###.......   100%        8


Dungeon Overview and Level Annotations

Branches:
Dungeon (11/15)            Temple (1/1) D:5            Lair (0/6) D:11
  Sewer (visited)         Gauntlet (1/1)
    Orc: D:9-12

Altars:
Ashenzari
Cheibriados
Dithmenos
Elyvilon
Fedhas
Gozag
Hepliaklqana
Kikubaaqudgha
Makhleb
Nemelex Xobeh
Okawaru
Qazlal
Ru
Sif Muna
Trog
Uskayaw
Vehumet
Wu Jian
Xom
Yredelemnul
Zin
The Shining One

Shops:
D:6 [

Annotations:
Gauntlet 8 transporters, exclusions: lightning spire and orange crystal statue


Message History

Confirm with . or Enter, or press ? or * to list all spells.
Press: ? - help, Dir - move target cursor You conjure a prism of explosive energy!
A fulminant prism comes into view.
Unknown command.
Casting: Fulminant Prism (dangerous; 2% risk of failure)
Confirm with . or Enter, or press ? or * to list all spells.
Aiming: Searing Ray (safe; 1% risk of failure)
Press: ? - help, Shift-Dir - straight line, f - minotaur
Aim: a minotaur, wielding a +1 mace of holy wrath, wearing a +0 plate armour, wearing the ring of Qoikaif {Ice rElec} and quivering 4 silver javelins The searing ray hits the minotaur!
The minotaur is lightly wounded. (Press . to maintain the ray.)
The minotaur throws a silver javelin.
The silver javelin pierces through you!
Your fulminant prism crackles loudly.
The searing ray misses the minotaur.
The minotaur throws a silver javelin.
The silver javelin pierces through you!!
Ouch! That really hurt!
You die...
Kikubaaqudgha rasps: "You have failed me!
Welcome... death!"

##...#?#yy# #§§..######
############§........
#........####.8.....8
##.##.###..##≈........
#8..........##...#####
#.....#.#....#...#....
#####.#.#.©8.#...#/.##
#@.(#....#...#=#..
...H..'.###.©8.#.8.#©#.©
[8:8*8#...#....#...#(#..
#######.#.#.©8.#...#.###
#.....#.#....#...#....
#8..........##...#####
##.##.###..##§........
#........####.8.....8
############.........


You could see a minotaur and a friendly fulminant prism.

Vanquished Creatures
  Erolcha (D:9)
  Erica (D:8)
  A hydra (D:11)
  A ghost crab (Gauntlet)
  2 two-headed ogres
  An ugly thing (D:9)
  Joseph (D:8)
  Maurice (D:9)
  A gargoyle (D:11)
  3 trolls
  Grinder (D:3)
  A hornet (D:10)
  A tyrant leech (Gauntlet)
  Sigmund (D:4)
  A vampire (D:10)
  A wraith (D:11)
  13 yaks
  A wyvern (D:11)
  A steam dragon (D:8)
  Grum (D:9)
  2 swamp worms (Gauntlet)
  An ice beast (D:10)
  2 sky beasts
  4 orc warriors
  2 phantoms
  2 black bears (D:8)
  A necrophage (D:9)
  An eye of draining (D:10)
  4 ogres
  4 wolves (D:9)
  3 centaurs
  2 big kobolds (Sewer)
  Blork the orc (D:5)
  13 bullfrogs
  2 scorpions
  3 wights (D:9)
  A howler monkey (D:7)
  A bullfrog zombie (D:7)
  3 hounds
  A quasit (D:9)
  A centaur zombie (D:8)
  3 jellies
  3 orc priests
  2 centaur skeletons
  Jessica (D:3)
  2 iguanas
  10 orc wizards
  6 worker ants
  A hound zombie (D:7)
  14 adders
  7 gnolls (D:6)
  3 shadow imps
  4 white imps
  2 ufetubi
  2 oozes
  2 adder zombies
  6 worms
  3 dart slugs
  4 leopard geckos
  25 orcs
  3 giant cockroaches
  9 goblins
  5 hobgoblins
  7 jackals
  14 kobolds
  3 quokkas
  3 ball pythons
  6 bats
  5 frilled lizards
  8 rats
252 creatures vanquished.

Vanquished Creatures (others)
  57 fulminant prisms
  3 fungi (Gauntlet)
  11 plants (Gauntlet)
71 creatures vanquished.

Grand Total: 323 creatures vanquished

Notes
Turn   | Place    | Note
-------+----------+-------------------------------------------
     0 | D:1      | graki42 the Deep Elf Conjurer began the quest for the Orb.
     0 | D:1      | Reached XP level 1. HP: 10/10 MP: 6/6
   212 | D:1      | Reached XP level 2. HP: 15/15 MP: 5/8
   216 | D:1      | Learned a level 2 spell: Searing Ray
  1140 | D:2      | You fall into a shaft and drop 1 floor!
  1141 | D:3      | Noticed a bullfrog
  1145 | D:3      | Killed a bullfrog
  1145 | D:3      | Reached skill level 4 in Spellcasting
  1145 | D:3      | Reached skill level 5 in Conjurations
  1145 | D:3      | Reached XP level 3. HP: 12/19 MP: 3/11
  1145 | D:3      | Reached XP level 4. HP: 16/24 MP: 3/12
  1377 | D:3      | Reached skill level 5 in Spellcasting
  1377 | D:3      | Reached XP level 5. HP: 24/28 MP: 4/14
  1383 | D:3      | Learned a level 4 spell: Fulminant Prism
  1388 | D:3      | Learned a level 4 spell: Iskenderun's Mystic Blast
  1600 | D:3      | Reached skill level 1 in Hexes
  1683 | D:2      | Reached skill level 1 in Translocations
  2407 | D:3      | Found an ornate altar of the Wu Jian Council.
  2438 | D:3      | Noticed Grinder
  2443 | D:3      | Killed Grinder
  2443 | D:3      | Reached skill level 6 in Spellcasting
  2443 | D:3      | Reached XP level 6. HP: 25/32 MP: 12/17
  2719 | D:3      | Found a shimmering altar of Xom.
  2728 | D:3      | Found an opulent altar of Gozag.
  2728 | D:3      | Found a glowing silver altar of Zin.
  2729 | D:3      | Noticed Jessica
  2730 | D:3      | Found a shimmering altar of Xom.
  2730 | D:3      | Found a shimmering altar of Xom.
  2730 | D:3      | Found a hazy altar of Hepliaklqana.
  2732 | D:3      | Killed Jessica
  2979 | D:4      | Found a glowing drain.
  3029 | Sewer    | Entered a sewer
  3204 | Sewer    | Reached XP level 7. HP: 35/36 MP: 10/18
  3713 | D:4      | Noticed Sigmund
  3716 | D:4      | Killed Sigmund
  3942 | D:4      | Reached skill level 1 in Shields
  4157 | D:4      | Reached skill level 7 in Spellcasting
  4274 | D:5      | Entered Level 5 of the Dungeon
  4346 | D:5      | Noticed Blork the orc
  4352 | D:5      | Killed Blork the orc
  4363 | D:5      | Reached XP level 8. HP: 41/41 MP: 10/20
  4478 | D:5      | Found a shadowy altar of Dithmenos.
  4498 | D:5      | Found a staircase to the Ecumenical Temple.
  4510 | Temple   | Entered the Ecumenical Temple
  4603 | Temple   | Became a worshipper of Kikubaaqudgha
  4776 | D:5      | Found a basalt altar of Yredelemnul.
  5116 | D:6      | Reached skill level 5 in Hexes
  5400 | D:6      | Found Aniamn's Antique Armour Boutique.
  5795 | D:7      | Reached skill level 8 in Spellcasting
  5907 | D:7      | Reached skill level 5 in Translocations
  6014 | D:7      | Reached * piety under Kikubaaqudgha
  6014 | D:7      | Identified Kikubaaqudgha's Guide on Evil Arts
                  | (Kikubaaqudgha gifted it to you on level 7 of the Dungeon)
  6014 | D:7      | Received a gift from Kikubaaqudgha
  6018 | D:7      | Reached XP level 9. HP: 45/45 MP: 15/23
  6403 | D:7      | Found a hide-covered altar of Uskayaw.
  6403 | D:7      | Found a shimmering blue altar of Sif Muna.
  6404 | D:7      | Found a sparkling altar of Nemelex Xobeh.
  6932 | D:8      | Noticed Erica
  6936 | D:8      | Noticed a two-headed ogre
  6956 | D:8      | Killed a two-headed ogre
  6956 | D:8      | Reached skill level 9 in Spellcasting
  6956 | D:8      | Killed Erica
  6956 | D:8      | Reached XP level 10. HP: 28/50 MP: 3/25
  6993 | D:8      | Noticed Joseph
  7108 | D:9      | Noticed Erolcha
  7117 | D:9      | Killed Erolcha
  7117 | D:9      | Reached skill level 10 in Spellcasting
  7251 | D:9      | Noticed Maurice
  7385 | D:9      | Found a snail-covered altar of Cheibriados.
  7833 | D:9      | Noticed Grum
  7837 | D:9      | Killed Grum
  7839 | D:9      | Reached skill level 1 in Necromancy
  7847 | D:9      | Reached ** piety under Kikubaaqudgha
  8003 | D:8      | Learned a level 2 spell: Sublimation of Blood
  8698 | D:8      | Killed Joseph
  8698 | D:8      | Reached skill level 10 in Conjurations
  8908 | D:8      | Reached skill level 11 in Spellcasting
  9090 | D:9      | Noticed a cyan ugly thing
  9102 | D:9      | Killed a cyan ugly thing
  9132 | D:10     | Entered Level 10 of the Dungeon
  9174 | D:10     | Reached *** piety under Kikubaaqudgha
  9174 | D:10     | Identified Kikubaaqudgha's Guide on Black Rites
                  | (Kikubaaqudgha gifted it to you on level 10 of the Dungeon)
  9174 | D:10     | Received a gift from Kikubaaqudgha
  9182 | D:10     | Learned a level 5 spell: Borgnjor's Vile Clutch
  9362 | D:10     | Reached XP level 11. HP: 54/54 MP: 19/28
  9735 | D:10     | Reached skill level 1 in Earth Magic
 10053 | D:9      | Killed Maurice
 10196 | D:9      | Reached skill level 5 in Necromancy
 10751 | D:10     | Reached skill level 12 in Spellcasting
 10784 | D:10     | Noticed a two-headed ogre
 10795 | D:10     | Killed a two-headed ogre
 11268 | D:11     | Noticed a seven-headed hydra
 11274 | D:11     | Killed a seven-headed hydra
 11342 | D:11     | Found a staircase to the Lair.
 11347 | D:11     | Found a gate leading to a gauntlet.
 11359 | Gauntlet | Entered a Gauntlet
 11359 | Gauntlet | Found a transporter.
 11442 | Gauntlet | Found a transporter.
 11458 | Gauntlet | Found a transporter.
 11462 | Gauntlet | Found a transporter.
 11471 | Gauntlet | Identified the cursed ring "Nuexorao" {+Inv rF+ Str-4}
 11476 | Gauntlet | Found a transporter.
 11492 | Gauntlet | Found a transporter.
 11495 | Gauntlet | Found a transporter.
 11499 | Gauntlet | Found a transporter.
 11500 | Gauntlet | Noticed an orange crystal statue
 11522 | Gauntlet | Found a transporter.
 11545 | Gauntlet | Found a transporter.
 11546 | Gauntlet | Found a transporter.
 11552 | Gauntlet | Noticed a ghost crab
 11555 | Gauntlet | Found a transporter.
 11609 | Gauntlet | Killed a ghost crab
 11770 | Gauntlet | Reached **** piety under Kikubaaqudgha
 11770 | Gauntlet | Reached skill level 5 in Earth Magic
 11886 | Gauntlet | Got a sparkling lapis lazuli ring
 11890 | Gauntlet | Identified the Grimoire of the Doomed Snowflakes
 11916 | Gauntlet | Identified the ring of Qoikaif {Ice rElec}
 11916 | Gauntlet | Noticed a minotaur
 11920 | Gauntlet | Hit by a silver javelin thrown by a minotaur

Illustrated notes

Levels and vault maps discovered:
D:1:      dpeg_arrival_more_subterranean_lakeside_camping, layout_loops_corners,
          grunt_decor_fettered
D:2:      layout_loops_cross
D:3:      layout_rooms, doesnt_xom_only_xom, nicolae_overflow_crystal_walls,
          uniq_jessica, uniq_grinder
D:4:      layout_basic, cheibrodos_sewer_entry_bend, uniq_sigmund
D:5:      layout_cave_pools, nicolae_overflow_hidden_temple, temple_doors_ab,
          grunt_dithmenos_smoke_and_mirrors, uniq_blork_the_orc
D:6:      layout_rooms, serial_shops, shop
D:7:      layout_basic, gammafunk_temple_overflow_claw
D:8:      kennysheep_blocky_room, layout_basic, grunt_decor_junction,
          uniq_erica, uniq_joseph
D:9:      layout_loops_ring, lemuel_round_altar, uniq_maurice, uniq_erolcha,
          uniq_grum
D:10:     layout_loops_ring
D:11:     layout_cave_pools, lair_entry_dummy, gauntlet_entry_generic,
          solitary_fountain
Temple:   regret_index_temple_waves
Gauntlet: minmay_gauntlet_mixed_oops_all_seconds
          [minmay_gauntlet_arena_77_mirror, nicolae_gauntlet_arena_flowing_pool,
          minmay_gauntlet_arena_77_fan, gammafunk_gauntlet_arena_arrow_garden,
          minmay_gauntlet_arena_77_box, gammafunk_gauntlet_arena_chambers,
          nicolae_gauntlet_exit_dead_adventurers]

Skill      XL: |  1  2  3  4  5  6  7  8  9 10 11 |
---------------+----------------------------------+-----
Stealth        | 3 |  3.0
Dodging        | 3 |  3.0
Spellcasting   | 4 5 6 7 8 9 11 12 | 12.5
Conjurations   | 5 6 7 9 10 11 | 11.4
Hexes          | 2 3 4 6 8 9 |  9.0
Translocations | 2 3 5 6 8 |  8.0
Shields        | 1 2 4 |  4.0
Necromancy     | 4 7 |  7.0
Earth Magic    | 5 |  5.0

Action                   |  1- 3 |  4- 6 |  7- 9 | 10-12 || total
-------------------------+-------+-------+-------+-------++-------
 Cast: Magic Dart        |    10 |    37 |    46 |    29 ||   122
       Searing Ray       |    12 |    25 |    61 |    68 ||   166
       Fulminant Prism   |       |       |     7 |    51 ||    58
       Iskenderun's Myst |       |       |     2 |    21 ||    23
  Use: Scroll            |       |     5 |    12 |     6 ||    23
       Potion            |       |       |     5 |       ||     5
Armor: Robe              |       |     1 |     1 |     5 ||     7
Dodge: Dodged            |     1 |    11 |    31 |    67 ||   110

Table legend: (Time is in decaauts)
 A = Elapsed time spent in this place.
 B = Non-inter-level travel time spent in this place.
 C = Inter-level travel time spent in this place.
 D = Time resting spent in this place.
 E = Time spent auto-exploring this place.
 F = Levels seen in this place.
 G = Mean time per level.
                   A        B        C        D        E       F      G
               +--------+--------+--------+--------+--------+-----+--------+
         Total |  12019 |  11719 |    300 |   2434 |   7644 |  14 |  858.5 |
       Dungeon |  10711 |  10443 |    268 |   2135 |   6856 |  11 |  973.7 |
        Temple |    128 |     96 |     32 |      0 |     87 |   1 |  128.0 |
         Sewer |    618 |    618 |      0 |      0 |    524 |   1 |  618.0 |
      Gauntlet |    560 |    560 |      0 |    299 |    176 |   1 |  560.0 |
               +--------+--------+--------+--------+--------+-----+--------+

Top non-repeatable levels by time:
     D:8: 1670 daAuts
    D:10: 1434 daAuts
     D:9: 1427 daAuts
     D:3: 1083 daAuts
     D:1: 1057 daAuts
     D:7: 1001 daAuts
     D:2: 809 daAuts
     D:4: 782 daAuts
     D:6: 773 daAuts
   Sewer: 618 daAuts
Gauntlet: 560 daAuts
     D:5: 560 daAuts
  Temple: 128 daAuts
    D:11: 111 daAuts
